 Dungeon Crawl Stone Soup version 0.29-a0-330-g52719c12eb (webtiles) character file.

Game seed: 18313038778527023404

44 Napf2000 the Quickloader (level 3, 0/31 HPs)
             Began as a Gnoll Hunter on May 1, 2022.
             Succumbed to Sigmund's poison
             ... on level 2 of the Dungeon.
             The game lasted 00:03:14 (1085 turns).

Napf2000 the Quickloader (Gnoll Hunter)             Turns: 1085, Time: 00:03:15

Health: 0/31       AC:  7    Str: 10    XL:     3   Next: 62%
Magic:  4/4        EV: 14    Int:  8    God:
Gold:   10         SH:  0    Dex: 19    Spells: 3/3 levels left

rFire   . . .      SeeInvis .   a - +1 hand crossbow
rCold   . . .      Faith    .   (no shield)
rNeg    . . .      Spirit   .   b - +0 leather armour
rPois   .          Reflect  .   (no helmet)
rElec   .          Harm     .   (no cloak)
rCorr   .          Rampage  .   (no gloves)
Will    .....                   (no boots)
Stlth   +.........              (no amulet)
HPRegen 0.10/turn               m - +4 ring of protection
MPRegen 0.09/turn               (no ring)

@: confused, lethally poisoned (0 -> -9)
A: fangs 1, strong nose, distributed training, agile 1
a: no special abilities


You were on level 2 of the Dungeon.
You visited 1 branch of the dungeon, and saw 2 of its levels.

You collected 10 gold pieces.

Inventory:

Hand Weapons
 a - a +1 hand crossbow (weapon)
Armour
 b - a +0 leather armour (worn)
Jewellery
 m - a +4 ring of protection (left hand)
Scrolls
 c - a scroll of immolation
 d - 2 scrolls of enchant weapon
 e - a scroll of torment
 f - a scroll of summoning
 g - 2 scrolls of fear
 i - a scroll of noise {unknown}
 k - a scroll of silence {unknown}
 n - 2 scrolls of teleportation {unknown}
Potions
 l - a potion of mutation


   Skills:
 + Level 4.5 Fighting
 + Level 0.9 Short Blades
 + Level 0.9 Long Blades
 + Level 0.9 Axes
 + Level 0.9 Maces & Flails
 + Level 0.9 Polearms
 + Level 0.9 Staves
 + Level 0.9 Slings
 + Level 0.9 Bows
 + Level 8.5 Crossbows
 + Level 0.9 Throwing
 + Level 0.9 Armour
 + Level 4.5 Dodging
 + Level 2.4 Stealth
 + Level 0.9 Shields
 + Level 0.9 Unarmed Combat
 + Level 0.9 Spellcasting
 + Level 0.6 Conjurations
 + Level 0.6 Hexes
 + Level 0.6 Summonings
 + Level 0.6 Necromancy
 + Level 0.6 Translocations
 + Level 0.6 Transmutations
 + Level 0.6 Fire Magic
 + Level 0.6 Ice Magic
 + Level 0.6 Air Magic
 + Level 0.6 Earth Magic
 + Level 0.6 Poison Magic
 + Level 1.0 Invocations
 + Level 0.9 Evocations


You had 3 spell levels left.
You didn't know any spells.
Your spell library was empty.

Dungeon Overview and Level Annotations

Branches:
Dungeon (2/15)

Altars:
Fedhas

Shops:
D:2 ![

Annotations:
D:2 Sigmund


Innate Abilities, Weirdness & Mutations

You have very sharp teeth.
Your uncanny sense of smell can sniff out nearby items.
Your experience applies equally to all skills.
You are agile. (Dex +2)


Message History

You feel less confused.
Sigmund points at you and mumbles some strange words.
You are confused.
Sigmund closely misses you.
You bump into the rock wall.
Sigmund completely misses you. Sigmund attacks as you move away!
Sigmund hits you with a +4 scythe of venom.
You are poisoned.
You feel very sick.
You bump into the rock wall.
You feel sick. Sigmund gestures at you while chanting.
You are more confused.
It was a potion of heal wounds.
You feel much better.
You feel sick. Sigmund gestures at you while chanting.
You are more confused.
Non-targeted confused shoot: a) +1 hand crossbow
Press: ? - help, Q - select action Dir - look around, f - activate Look: Sigmund, wielding a +4 scythe of venom and wearing a +0 robe You shoot a bolt.
You feel sick. Sigmund gestures at you while chanting. The magic dart hits you.
Sigmund barely misses you.
You are too confused!
You are too confused!
You feel sick.
You feel sick.
Sigmund hits you from afar with a +4 scythe of venom!
You feel sick.
You bump into the rock wall.
You feel sick.
You are no longer poisoned.
Sigmund hits you from afar with a +4 scythe of venom.
* * * LOW HITPOINT WARNING * * *
You are lethally poisoned!
Unknown command.
You bump into the rock wall.
* * * LOW HITPOINT WARNING * * *
You feel very sick.
* * * LOW HITPOINT WARNING * * *
You feel very sick.
You bump into the rock wall.
You die...

#.###.#####.....#.#
#.................#
###########.#####.....#########
............# #.............#
##########.†# #.#.#########.#
#..#####.#.# #.###
#........#.####### #....
##.#######.....<.. #####
#.....@.@.######. ###########


You could see Sigmund.

Vanquished Creatures
  An adder (D:2)
  A worm (D:2)
  2 dart slugs (D:1)
  2 endoplasms
  A giant cockroach (D:2)
  2 hobgoblins (D:1)
  2 quokkas
  2 ball pythons (D:1)
  6 bats
  10 frilled lizards
  2 kobolds (D:2)
  A rat (D:2)
32 creatures vanquished.

Vanquished Creatures (others)
  A plant (D:1)
1 creature vanquished.

Grand Total: 33 creatures vanquished

Notes
Turn   | Place    | Note
-------+----------+-------------------------------------------
     0 | D:1      | Napf2000 the Gnoll Hunter began the quest for the Orb.
     0 | D:1      | Reached XP level 1. HP: 20/20 MP: 1/1
   258 | D:1      | Reached XP level 2. HP: 26/26 MP: 2/2
   697 | D:2      | Reached XP level 3. HP: 31/31 MP: 3/3
   743 | D:2      | Found a blossoming altar of Fedhas.
   838 | D:2      | Reached skill level 1 in Invocations
   985 | D:2      | Found Ynuost's Distillery.
   990 | D:2      | Found Cucik's Antique Armour Emporium.
  1062 | D:2      | Noticed Sigmund
  1064 | D:2      | Gained mutation: Armour fits poorly on your strangely
                  | shaped body. [potion of mutation]
  1064 | D:2      | Gained mutation: You have a somewhat thin skeletal
                  | structure. (Dex +2, Stealth+) [potion of mutation]
  1065 | D:2      | Lost mutation: Armour fits poorly on your strangely shaped
                  | body. [potion of mutation]
  1065 | D:2      | Lost mutation: You have a somewhat thin skeletal structure.
                  | (Dex +2, Stealth+) [potion of mutation]
  1065 | D:2      | Gained mutation: You are agile. (Dex +2) [potion of
                  | mutation]
  1085 | D:2      | Succumbed to Sigmund's poison

Illustrated notes

Levels and vault maps discovered:
D:1:      dpeg_arrival_rhombi, layout_loops_ring, minmay_misc_feat_square,
          minmay_lizard_king
D:2:      layout_loops_ring, serial_shops, nicolae_shop_advertising_works
          [nicolae_subvault_shop_adworks], nicolae_shop_statue_plus,
          shop_fountains, basic_altar, uniq_sigmund

Skill      XL: |  1  2  3 |
---------------+----------+-----
Invocations    | 1 |  1.0
Fighting       | |  4.5
Short Blades   | |  0.9
Long Blades    | |  0.9
Axes           | |  0.9
Maces & Flails | |  0.9
Polearms       | |  0.9
Staves         | |  0.9
Slings         | |  0.9
Bows           | |  0.9
Crossbows      | |  8.5
Throwing       | |  0.9
Armour         | |  0.9
Dodging        | |  4.5
Stealth        | |  2.4
Shields        | |  0.9
Unarmed Combat | |  0.9
Spellcasting   | |  0.9
Conjurations   | |  0.6
Hexes          | |  0.6
Summonings     | |  0.6
Necromancy     | |  0.6
Translocations | |  0.6
Transmutations | |  0.6
Fire Magic     | |  0.6
Ice Magic      | |  0.6
Air Magic      | |  0.6
Earth Magic    | |  0.6
Poison Magic   | |  0.6
Evocations     | |  0.9

Action                   || total
-------------------------++-------
 Fire: Hand crossbow     ||    54
  Use: Scroll            ||     4
       Potion            ||     5
Armor: Leather armour    ||     5
Dodge: Dodged            ||     8

Table legend: (Time is in decaauts)
 A = Elapsed time spent in this place.
 B = Non-inter-level travel time spent in this place.
 C = Inter-level travel time spent in this place.
 D = Time resting spent in this place.
 E = Time spent auto-exploring this place.
 F = Levels seen in this place.
 G = Mean time per level.
                   A        B        C        D        E       F      G
               +--------+--------+--------+--------+--------+-----+--------+
         Total |   1090 |   1062 |     28 |      0 |    886 |   2 |  545.0 |
       Dungeon |   1090 |   1062 |     28 |      0 |    886 |   2 |  545.0 |
               +--------+--------+--------+--------+--------+-----+--------+

Top non-repeatable levels by time:
     D:1: 688 daAuts
     D:2: 402 daAuts
